 Dungeon Crawl Stone Soup version 0.24-a0-640-ge7cd8ce796 (webtiles) character file.

Game seed: 10131345806018497910, levelgen mode: deterministic

21 Briareos the Sneak (level 2, 0/13 HPs)
             Began as a Spriggan Enchanter on Sept 21, 2019.
             Slain by a jackal (3 damage)
             ... on level 2 of the Dungeon on Sept 24, 2019.
             The game lasted 00:08:28 (1684 turns).

Briareos the Sneak (Spriggan Enchanter)             Turns: 1684, Time: 00:08:29

Health: 0/13       AC:  3    Str:  4    XL:     2   Next: 65%
Magic:  2/6        EV: 19    Int: 16    God:
Gold:   70         SH:  0    Dex: 16    Spells: 3/6 levels left

rFire    . . .     SeeInvis +   a - +1 dagger
rCold    . . .     Gourm    .   (shield restricted)
rNeg     . . .     Faith    .   b - +1 robe
rPois    .         Spirit   .   (helmet restricted)
rElec    .         Reflect  .   (no cloak)
rCorr    .         Harm     .   (gloves unavailable)
MR       .....                  (boots unavailable)
Stlth    +++.......             (no amulet)
HPRegen  0.04/turn              (no ring)
MPRegen  0.10/turn              (no ring)

@: very quick
A: very small, unfitting armour, see invisible, herbivore, speed 3, slow
metabolism 2
a: no special abilities


You were on level 2 of the Dungeon.
You were not hungry.

You visited 1 branch of the dungeon, and saw 2 of its levels.

You collected 70 gold pieces.

Inventory:

Hand Weapons
 a - a +1 dagger (weapon)
 e - a +0 dagger
 f - a +0 short sword
 j - a +0 whip
Missiles
 g - 45 stones
 k - 5 boomerangs (quivered)
 l - 18 poisoned darts
Armour
 b - a +1 robe (worn)
 c - a +0 robe
 m - a +3 leather armour
Scrolls
 h - 3 scrolls of identify
 i - a scroll of remove curse
Comestibles
 d - 2 rations


   Skills:
 + Level 1.2 Short Blades
 + Level 3.6 Dodging
 + Level 4.9 Stealth
 + Level 2.8 Spellcasting
 + Level 4.0 Hexes


You had 3 spell levels left.
You knew the following spells:

 Your Spells              Type           Power        Failure   Level  Hunger
a - Corona                Hex            ###....      3%          1    #......
b - Ensorcelled Hibernat  Hex/Ice        #.....       13%         2    ##.....

Your spell library contained the following spells:

 Spells                   Type           Power        Failure   Level  Hunger
 Confuse                  Hex            ###.....     11%         3    ###....
 Tukima's Dance           Hex            ###.....     11%         3    ###....
 Dazzling Spray           Conj/Hex       #.....       26%         3    ###....


Dungeon Overview and Level Annotations

Branches:
Dungeon (2/15)

Altars:
Trog


Innate Abilities, Weirdness & Mutations

You are very small and have problems with some larger weapons.
You are too small for most types of armour.
You have supernaturally acute eyesight. (SInv)
You are a herbivore.
You cover ground extremely quickly.
You need to consume almost no food.


Message History

The kobold closely misses you.
The jackal bites you but does no damage.
You hit the kobold.
The kobold is heavily wounded.
The kobold misses you. The jackal misses you.
You barely miss the kobold.
The kobold is heavily wounded.
The jackal closely misses you. The kobold barely misses you.
You closely miss the kobold.
The kobold is heavily wounded.
The jackal completely misses you. The kobold misses you.
The jackal closely misses you.
You barely miss the kobold.
The kobold is heavily wounded.
The kobold misses you. The jackal closely misses you.
You hit the kobold.
You kill the kobold!
The jackal closely misses you.
You closely miss the jackal. The jackal bites you.
You die...

## ##.##.# .. ...#.###
######......##+#######
........#.#...........
##+##...#.#...........
..###.....#..........$
.###'..(wwh.##'#######
###.#....l###..h##
.#..#...#.##....@#
#.#.#...#.#.......#
.#..#...#.#.......# #
#.#...#.#...!...#
##+...#.##.....##
#......##...## #####


You could see a jackal.

Vanquished Creatures
  A leopard gecko (D:1)
  3 goblins
  3 hobgoblins (D:1)
  4 kobolds
  2 ball pythons (D:1)
  4 bats
  A frilled lizard (D:1)
  A rat (D:1)
19 creatures vanquished.

Notes
Turn   | Place    | Note
-------+----------+-------------------------------------------
     0 | D:1      | Briareos the Spriggan Enchanter began the quest for the
                  | Orb.
     0 | D:1      | Reached XP level 1. HP: 9/9 MP: 5/5
   361 | D:1      | Upgraded the game from 0.24-a0-639-gb70a11d811 to
                  | 0.24-a0-640-ge7cd8ce796
   870 | D:1      | Reached XP level 2. HP: 13/13 MP: 6/6
   875 | D:1      | Learned a level 2 spell: Ensorcelled Hibernation
  1567 | D:2      | Found a bloodstained altar of Trog.
  1684 | D:2      | Slain by a jackal

Levels and vault maps discovered:
D:1:      minmay_arrival_cross, layout_basic, minmay_tetromino_t2
D:2:      kennysheep_six_static_rooms, layout_basic, lemuel_doored_altar,
          roderic_cross_of_infinity, bloody_makhleb, uniq_crazy_yiuf_cottage

Skill      XL: |  1 |
---------------+----+-----
Hexes          | 4 |  4.0
Short Blades   | |  1.2
Dodging        | |  3.6
Stealth        | |  4.9
Spellcasting   | |  2.8

Action                   || total
-------------------------++-------
Melee: Dagger            ||    84
Throw: Stone             ||    19
 Cast: Corona            ||     2
       Ensorcelled Hiber ||    11
  Use: Scroll            ||     4
 Stab: Sleeping          ||     4
Armor: Robe              ||    12
Dodge: Dodged            ||   112

Table legend:
 A = Non-vault XP
 B = Vault XP
 C = Vault XP percentage of total XP
 D = Non-vault monster count
 E = Vault monster count
 F = Vault count percentage of total count
                 A         B        C        D         E       F
            +---------+---------+-------+---------+---------+-------
      Total |      27 |       4 |  12.9 |      16 |       3 |  15.8
            +---------+---------+-------+---------+---------+-------
        D:1 |      24 |       2 |   7.7 |      14 |       2 |  12.5
        D:2 |       3 |       2 |  40.0 |       2 |       1 |  33.3
            +---------+---------+-------+---------+---------+-------
